 Dungeon Crawl Stone Soup version 0.32-a0-995-gb4a59205af (webtiles) character file.

Game seed: 11333141835868590080

272 protoss039 the Digger (level 6, 47/47 HPs)
             Began as a Demonspawn Earth Elementalist on Apr 22, 2024.
             Got out of the dungeon alive.
             The game lasted 00:05:19 (2822 turns).

protoss039 the Digger (DsEE)                        Turns: 2822, Time: 00:05:19

Health: 47/47      AC: 14    Str:  9    XL:     6   Next: 2%
Magic:  11/11      EV: 16    Int: 17    God:
Gold:   128        SH:  0    Dex: 13    Spells: 4/11 levels left

rFire   . . .        q - +2 trident (vamp)
rCold   . . .        (no shield)
rNeg    . . .        j - +0 leather armour
rPois   .            h - +2 helmet
rElec   .            (no cloak)
rCorr   .            (no gloves)
SInv    .            l - +2 pair of boots
Will    .....        (no amulet)
Stlth   ++           d - +5 ring of evasion
HPRegen 0.27/turn    y - +4 ring of protection
MPRegen 0.12/turn

%: no passive effects
@: no status effects
A: hooves 1, rugged brown scales 1, powered by pain 1, demonic magic 1
a: no special abilities


You escaped.
You visited 1 branch of the dungeon, and saw 4 of its levels.

You collected 128 gold pieces.

Inventory:

Hand Weapons
 a - a +0 dagger
 q - a +2 vampiric trident (weapon)
 w - a +1 falchion of flaming
Armour
 h - a +2 helmet (worn)
 j - a +0 leather armour (worn)
 l - a +2 pair of boots (worn)
 x - the +10 plate armour of Filth {MP+9 Int+2}
   (You found it on level 3 of the Dungeon)

   Int+2:     It affects your intelligence (+2).
   MP+9:      It affects your magic capacity (+9).
Jewellery
 d - a +5 ring of evasion (left hand)
 y - a +4 ring of protection (right hand)
Scrolls
 c - a scroll of blinking {unknown}
 f - a scroll of poison {unknown}
 g - a scroll of revelation {unknown}
 i - a scroll of fog
 k - 2 scrolls of teleportation {unknown}
 m - 3 scrolls of identify {unknown}
 n - a scroll of enchant armour {unknown}
 p - a scroll of immolation {unknown}
 r - a scroll of brand weapon {unknown}
 s - a scroll of fear {unknown}
 v - a scroll of enchant weapon {unknown}
Potions
 b - a potion of magic
 e - a potion of invisibility {unknown}
 o - a potion of attraction {unknown}
 t - a potion of lignification {unknown}
 u - a potion of might {unknown}
 z - a potion of curing {unknown}


   Skills:
 + Level 2.8 Fighting
 + Level 1.1 Armour
 * Level 2.4 Dodging
 - Level 1.7 Stealth
 + Level 3.3 Spellcasting
 + Level 1.5 Conjurations
 + Level 3.8 Earth Magic


You had 4 spell levels left.
You knew the following spells:

 Your Spells              Type           Power      Damage    Failure   Level
a - Sandblast             Erth           30%        2d9       4%          1
b - Passwall              Erth           15%        N/A       14%         3
c - Stone Arrow           Conj/Erth      24%        3d8       22%         3

Your spell library contained the following spells:

 Spells                   Type           Power      Damage    Failure   Level
 Fugue of the Fallen      Necr           2%         N/A       56%         3
 Ozocubu's Armour         Ice            2%         N/A       56%         3
 Volatile Blastmotes      Fire/Tloc      4%         2d10      56%         3
 Brom's Barrelling Bould  Conj/Erth      12%        2d4       58%         4
 Petrify                  Alch/Erth      9%         N/A       71%         4
 Vhi's Electric Charge    Tloc/Air       4%         N/A       92%         4
 Gell's Gavotte           Tloc           1%         2d(11-17) 100%        6
 Manifold Assault         Tloc           1%         N/A       100%        7


Dungeon Overview and Level Annotations

Branches:
Dungeon (4/15) Zot: 21121
 Temple: D:4-7

Altars:
Cheibriados


Innate Abilities, Weirdness & Mutations

You have large cloven feet.
You are partially covered in rugged brown scales. (AC +1, +3% HP)
You sometimes gain a little power by taking damage.
Spells you cast may paralyse adjacent enemies.


Message History

The iguana bites you but does no damage.
The iguana barely misses you.
You puncture the iguana!
You feel better.
You kill the iguana!
You have reached level 6!
Your demonic ancestry asserts itself...
A menacing aura infuses your magic.
Unknown command.
Unknown command.
An endoplasm comes into view.
You reach to attack!
The endoplasm quivers.
You hit the endoplasm.
The endoplasm is heavily wounded.
You barely miss the endoplasm.
The endoplasm is heavily wounded.
The endoplasm freezes you.
You are frozen.
The endoplasm freezes you.
You are frozen.
You hit the endoplasm.
You feel better.
You kill the endoplasm!
No target in view!
No target in view!
There is a stone staircase leading up here.
You climb upwards.
There is a stone staircase leading down here.
What level of the Dungeon? (default 4, ? - help)
There is a stone staircase leading up here.
You climb upwards.
There is a stone staircase leading down here.
There is a stone staircase leading up here.
You climb upwards.
There is a stone staircase leading down here.
You open the large door.
There is a large open door here.
There is a large open door here.
There is a fountain of clear blue water here.
There is a staircase leading out of the dungeon here.
You have escaped!

♣PP...PP♣ #.#....... ♣♣PP.PP♣♣
#.#.###### ♣♣♣.♣♣♣ #.#.#....#
♣♣.♣ ###############.#.#.#..#
###..# #...##...##...#.#.#.####
.....# #.#.........#.#.#.#.....
.....# #.##..#'#..##.#.#.######
.....# #..####⌠####..#.........
.....# #ß..++⌠@⌠''..ß#..#######
.....#####..####⌠####....÷#######
.........#.##..#+#..##...........
.........#.#.........#.....#####.
..#......#...##...##.......#####.
..#.....###..###....##.........#.
.................................
##..................###..........
.#.....#####..♣♣.♣♣.# #####....##


There were no monsters in sight!

Vanquished Creatures
  A scorpion (D:4)
  A jelly (D:4)
  2 iguanas (D:4)
  5 adders
  3 ribbon worms
  3 dart slugs
  6 orcs (D:3)
  8 bats
  5 endoplasms
  A giant cockroach (D:3)
  4 goblins
  6 hobgoblins
  2 jackals (D:2)
  4 quokkas
  5 ball pythons
  3 frilled lizards
  5 kobolds
  6 rats
70 creatures vanquished.

Notes
Turn   | Place    | Note
-------+----------+-------------------------------------------
     0 | D:1      | protoss039 the Demonspawn Earth Elementalist began the
                  | quest for the Orb.
     0 | D:1      | Reached XP level 1. HP: 13/13 MP: 3/3
   241 | D:1      | Gained mutation: You are partially covered in rugged brown
                  | scales. (AC +1, +3% HP) [demonic ancestry]
   241 | D:1      | Reached XP level 2. HP: 14/20 MP: 1/5
   330 | D:1      | Reached skill level 1 in Fighting
   943 | D:2      | Reached XP level 3. HP: 26/26 MP: 3/6
  1250 | D:2      | Found a faded altar of an unknown god.
  1818 | D:2      | Learned a level 3 spell: Passwall
  1822 | D:2      | Learned a level 3 spell: Stone Arrow
  1916 | D:3      | Gained mutation: You sometimes gain a little power by
                  | taking damage. [demonic ancestry]
  1916 | D:3      | Reached XP level 4. HP: 33/33 MP: 0/8
  2153 | D:3      | Identified the +10 plate armour of Filth {MP+9 Int+2}
  2343 | D:3      | Found a snail-covered altar of Cheibriados.
  2599 | D:4      | Gained mutation: You have large cloven feet. [demonic
                  | ancestry]
  2599 | D:4      | Reached XP level 5. HP: 40/40 MP: 9/9
  2693 | D:4      | Reached skill level 1 in Armour
  2741 | D:4      | Gained mutation: Spells you cast may paralyse adjacent
                  | enemies. [demonic ancestry]
  2741 | D:4      | Reached XP level 6. HP: 42/47 MP: 8/11
  2822 | D:$      | Got out of the dungeon alive.

Illustrated notes

Levels and vault maps discovered:
D:1:      grunt_arrival_crossed_arrows, layout_basic, serial_forest,
          infiniplex_forest_fountain, infiniplex_forest_lined_2,
          infiniplex_forest_end_double, infiniplex_forest_clump_medium,
          infiniplex_forest_lined_3, infiniplex_forest_end_1,
          infiniplex_forest_straight_4, infiniplex_forest_clump_large,
          infiniplex_forest_clump_diagonal
D:2:      layout_basic, ebering_ecumenical_altar_abandoned
D:3:      layout_rooms, slow_altar_2
D:4:      layout_layer_cave, minitemple

Skill      XL: |  1  2  3  4  5 |
---------------+----------------+-----
Fighting       | 1 2 |  2.8
Earth Magic    | 3 |  3.8
Spellcasting   | 3 |  3.3
Dodging        | 2 |  2.4
Armour         | 1 |  1.1
Stealth        | |  1.7
Conjurations   | |  1.5

Action                     |  1- 3 |  4- 6 || total
---------------------------+-------+-------++-------
  Melee: Unarmed           |     5 |       ||     5
         Club              |     5 |       ||     5
         Dagger            |    26 |    57 ||    83
         Trident           |       |    44 ||    44
   Cast: Sandblast         |    65 |    20 ||    85
    Use: Scroll            |       |     1 ||     1
   Stab: Sleeping          |       |     1 ||     1
 Armour: Robe              |    11 |       ||    11
         Leather armour    |    28 |    51 ||    79
  Dodge: Dodged            |    69 |    88 ||   157

Table legend: (Time is in decaauts)
 A = Elapsed time spent in this place.
 B = Non-inter-level travel time spent in this place.
 C = Inter-level travel time spent in this place.
 D = Time resting spent in this place.
 E = Time spent auto-exploring this place.
 F = Levels seen in this place.
 G = Mean time per level.
                   A        B        C        D        E       F      G
               +--------+--------+--------+--------+--------+-----+--------+
         Total |   2878 |   2633 |    245 |    118 |   1906 |   4 |  719.5 |
       Dungeon |   2878 |   2633 |    245 |    118 |   1906 |   4 |  719.5 |
               +--------+--------+--------+--------+--------+-----+--------+

Top non-repeatable levels by time:
     D:1: 969 daAuts
     D:2: 906 daAuts
     D:3: 805 daAuts
     D:4: 197 daAuts
